 Dungeon Crawl Stone Soup version 0.18.1-48-g4cf74bf (webtiles) character file.

41 wemp the Magician (level 3, -2/24 HPs)
             Began as a Mummy Wizard on July 29, 2016.
             Killed from afar by a white imp (5 damage)
             ... with a puff of frost
             ... summoned by Natasha
             ... on level 2 of the Dungeon.
             The game lasted 00:05:04 (2228 turns).

wemp the Magician (Mummy Wizard)                    Turns: 2228, Time: 00:05:04

Health: -2/24      AC:  2    Str: 10    XL:     3   Next: 32%
Magic:  3/8        EV: 12    Int: 18    God:
Gold:   114        SH:  0    Dex: 10    Spells: 1 memorised, 8 levels left

rFire  . . .     SeeInvis .     f - +2 dagger (vamp)
rCold  + . .     Gourm    .     a - +0 robe
rNeg   + + +     Faith    .     (no shield)
rPois  ∞         Spirit   .     b - +0 hat
rElec  .         Dismiss  .     (no cloak)
rCorr  .         Reflect  .     (no gloves)
SustAt .         Harm     .     (no boots)
MR     .....                    (no amulet)
Stlth  ++........               (no ring)
                                e - ring of protection from fire

@: not resistant to hostile enchantments, unstealthy
A: no food or potions, fire vulnerability, cold resistance 1, negative energy
resistance 3, torment resistance, unbreathing
a: no special abilities


You were on level 2 of the Dungeon.
You were not hungry.

You visited 1 branch of the dungeon, and saw 2 of its levels.

You collected 114 gold pieces.

Inventory:

Hand Weapons
 d - a -3 dagger
 f - a +2 vampiric dagger (weapon)
Armour
 a - a +0 robe (worn)
 b - a +0 hat (worn)
Jewellery
 e - a ring of protection from fire (left hand)
Books
 c - a book of Minor Magic

   Spells                             Type                      Level
   a - Magic Dart                     Conjuration                  1
   b - Blink                          Translocation                2
   c - Call Imp                       Summoning                    2
   d - Repel Missiles                 Charms/Air                   2
   e - Slow                           Hexes                        2
   f - Conjure Flame                  Conjuration/Fire             3
   g - Mephitic Cloud                 Conjuration/Poison/Air       3


   Skills:
 - Level 2.0 Dodging
 - Level 1.6 Stealth
 + Level 3.8 Spellcasting
 + Level 1.0 Conjurations
   Level 0.7 Summonings
   Level 0.7 Translocations


You had 8 spell levels left.
You knew the following spells:

 Your Spells              Type           Power        Failure   Level  Hunger
a - Magic Dart            Conj           #...         12%         1    N/A

Dungeon Overview and Level Annotations

Branches:
Dungeon (2/15)

Altars:

Annotations:
D:2 Natasha


Innate Abilities, Weirdness & Mutations

You do not eat or drink.
Your flesh is vulnerable to fire.
You are immune to poison.
Your flesh is cold resistant.
You are immune to negative energy.
You are immune to unholy pain and torment.
You can survive without breathing.


Message History

The white imp hits you. The white imp freezes you. You resist.
You hit the white imp but do no damage.
The white imp is heavily wounded.
The white imp hits you but does no damage.
You hit the white imp but do no damage.
The white imp is heavily wounded.
The white imp hits you. The white imp freezes you. You resist.
* * * LOW HITPOINT WARNING * * *
You hit the white imp but do no damage.
The white imp is heavily wounded.
The white imp shouts, "Quit, thou currish smouldering clotpole!"
The white imp gestures at you. The puff of frost hits you! You resist.
* * * LOW HITPOINT WARNING * * *
You hit the white imp.
The white imp is severely wounded.
The white imp completely misses you. The white imp gestures at you.
The puff of frost hits you! You resist.
You die...

########## #.#..#
...#.....# #.#..#
...#.....####.#..#
............#.#..#
#.##.....##.#.#...
#.#########.#h##.#
......# #.#.##.#
.)....#####.#.##@##.###
..............5........#
......#####.#.###.#.####
......# #.#.# $# #
......# #.#.# .# #######
#.#.# .# #.... .# ###.#
.# #.#


You could see a white imp.

Vanquished Creatures
  A dart slug (D:1)
  A giant gecko (D:1)
  3 ball pythons
  6 bats
  2 giant cockroaches (D:1)
  3 goblins
  2 hobgoblins
  7 kobolds
  9 giant newts
  4 rats
38 creatures vanquished.

Notes
Turn   | Place    | Note
--------------------------------------------------------------
     0 | D:1      | wemp the Mummy Wizard began the quest for the Orb.
     0 | D:1      | Reached XP level 1. HP: 13/13 MP: 4/4
   317 | D:1      | Reached XP level 2. HP: 19/19 MP: 4/6
   697 | D:1      | Reached skill level 1 in Conjurations
  1405 | D:2      | Reached XP level 3. HP: 17/24 MP: 1/8
  1477 | D:2      | Noticed Natasha
  2228 | D:2      | Killed from afar by a white imp

Skill      XL: |  1  2 |
---------------+-------+-----
Conjurations   | 1 |  1.0
Dodging        | 2 |  2.0
Stealth        | |  1.6
Spellcasting   | |  3.8
Summonings     | |  0.7
Translocations | |  0.7

Action                   || total
-------------------------++-------
Melee: Unarmed           ||     1
       Dagger            ||    69
 Cast: Magic Dart        ||    76
  Use: Scroll            ||     4
 Stab: Sleeping          ||     2
Armor: Robe              ||    21
Dodge: Dodged            ||    49
